 Dungeon Crawl Stone Soup version 0.30-a0-776-g08fbeb92c1 (console) character file.

Game seed: 14619143761410049655

4484 Ignak the Ogre Mage (level 10, -3/100 HPs)
             Began as an Ogre Hedge Wizard on Feb 13, 2023.
             Was an Elder of Okawaru.
             Slain by a two-headed ogre
             ... wielding a +0 giant spiked club
              (35 damage)
             ... on level 7 of the Dungeon.
             The game lasted 00:22:17 (8227 turns).

Ignak the Ogre Mage (Ogre Hedge Wizard)             Turns: 8227, Time: 00:22:17

Health: -3/100     AC:  4    Str: 20    XL:     10   Next: 38%
Magic:  17/20      EV: 10    Int: 15    God:    Okawaru [****..]
Gold:   338        SH:  0    Dex:  8    Spells: 15/23 levels left

rFire   + . .      SeeInvis .    a - +4 hand axe (freeze)
rCold   . . .      Faith    .    (no shield)
rNeg    + . .      Spirit   .    B - +1 robe {rN+}
rPois   .          Reflect  .    c - +0 hat
rElec   .          Harm     .    (no cloak)
rCorr   +          Rampage  .    (gloves unavailable)
Will    +....                    (boots unavailable)
Stlth   +                        C - amulet of the acrobat
HPRegen 0.36/turn                n - ring of protection from fire
MPRegen 0.17/turn                D - ring of resist corrosion

@: on blink cooldown, studying Ranged Weapons
A: large, unfitting armour, tough skin 1
a: Renounce Religion, Heroism, Finesse


You were on level 7 of the Dungeon.
You worshipped Okawaru.
Okawaru was greatly pleased with you.
You visited 2 branches of the dungeon, and saw 9 of its levels.

You collected 338 gold pieces.

Inventory:

Hand Weapons
 a - a +4 hand axe of freezing (weapon)
 b - the +8 sling of Calamity {elec, rC+ Will+}
   (You found it on level 3 of the Dungeon)

   rC:        It protects you from cold.
   Will:      It increases your willpower.
 g - a +2 whip of flaming
 F - a +1 flail of venom
 H - a +0 giant spiked club
 I - a +0 war axe
 J - a +1 dire flail of holy wrath
Missiles
 f - 29 poisoned darts
 k - 4 large rocks (quivered)
Armour
 c - a +0 hat (worn)
 B - a +1 robe of positive energy (worn)
Jewellery
 n - a ring of protection from fire (left hand)
 q - a ring of positive energy
 C - an amulet of the acrobat (around neck)
 D - a ring of resist corrosion (right hand)
Wands
 j - a wand of polymorph (9)
 w - a wand of flame (19)
Scrolls
 i - a scroll of immolation
 l - a scroll of enchant weapon
 s - a scroll of blinking {unknown}
 t - a scroll of fog
 u - a scroll of fear
 v - a scroll of magic mapping
 y - 2 scrolls of poison {unknown}
 A - 5 scrolls of enchant armour
Potions
 d - a potion of magic
 e - a potion of brilliance {unknown}
 h - a potion of haste
 m - 4 potions of mutation {unknown}
 o - 3 potions of attraction {unknown}
 p - 4 potions of cancellation {unknown}
 r - 2 potions of curing
 x - a potion of resistance {unknown}
 z - 5 potions of lignification {unknown}
 E - a potion of heal wounds {unknown}
 G - a potion of might {unknown}


   Skills:
 + Level 6.9 Fighting
 + Level 5.1 Axes
 + Level 1.2 Ranged Weapons
 - Level 4.0 Armour
 + Level 5.1 Dodging
 - Level 1.4 Stealth
 + Level 7.1 Spellcasting
 + Level 4.3 Conjurations
 - Level 0.8 Summonings
 - Level 3.4 Translocations
 + Level 3.4 Air Magic
 - Level 2.0 Poison Magic
 + Level 4.1 Invocations


You had 15 spell levels left.
You knew the following spells:

 Your Spells              Type           Power      Damage    Failure   Level
a - Magic Dart            Conj           72%        1d6       2%          1
b - Blink                 Tloc           30%        N/A       4%          2
d - Mephitic Cloud        Conj/Pois/Air  15%        N/A       11%         3
e - Call Imp              Summ           7%         N/A       14%         2

Your spell library contained the following spells:

 Spells                   Type           Power      Damage    Failure   Level
 Apportation              Tloc           30%        N/A       3%          1
 Cigotuvi's Dreadful Rot  Necr/Pois/Air  20%        N/A       10%         2
 Vhi's Electric Charge    Tloc/Air       30%        N/A       10%         3
 Necrotise                Necr           20%        1d5       13%         1
 Slow                     Hex            20%        N/A       13%         1
 Arcjolt                  Conj/Air       8%         1d18      58%         5
 Maxwell's Capacitive Co  Air            7%         ∞         100%        8
 Summon Small Mammal      Summ           Unusable   N/A       N/A         1

Dungeon Overview and Level Annotations

Branches:
Dungeon (8/15)             Temple (1/1) D:6
   Lair: D:8-11

Altars:
Ashenzari
Cheibriados
Fedhas
Hepliaklqana
Okawaru
Qazlal
Sif Muna
Trog
Uskayaw
Wu Jian
Yredelemnul
Zin
The Shining One


Innate Abilities, Weirdness & Mutations

You are too large for most types of armour.
You have tough skin. (AC +1)


Message History

The sling bullet closely misses the ice beast.
The sling bullet hits the two-headed ogre!
The two-headed ogre is moderately wounded.
The ice beast barely misses you.
The two-headed ogre misses the ice beast.
The two-headed ogre barely misses the ice beast.
You shoot a sling bullet. The sling bullet hits the ice beast.
The ice beast is lightly wounded.
The ice beast barely misses you.
The two-headed ogre barely misses the ice beast.
The two-headed ogre hits the ice beast with a +0 giant club!
The two-headed ogre completely misses itself.
The two-headed ogre hits itself with a +0 giant club!!
The ice beast barely misses you.
You shoot a sling bullet.
The sling bullet closely misses the ice beast.
The ice beast hits you. The ice beast freezes you. You resist.
The +8 sling of Calamity {elec, rC+ Will+} stops crackling.
Your +4 hand axe of freezing glows with a cold blue light!
a - a +4 hand axe of freezing (weapon)
The ice beast hits you but does no damage.
You barely miss the ice beast.
The ice beast is heavily wounded.
The two-headed ogre hits the ice beast with a +0 giant spiked club!!
The ice beast is killed!
Okawaru accepts your kill.
The two-headed ogre seems less confused.
Unknown command.
Casting: Mephitic Cloud (dangerous; 11% risk of failure)
Confirm with . or Enter, or press ? or * to list all spells.
You blink.
The two-headed ogre hits you with a +0 giant spiked club!!
The two-headed ogre misses you.
Aiming: Polymorph
Press: ? - help, Shift-Dir - straight line, f - two-headed ogre
Aim: a two-headed ogre, wielding a +0 giant spiked club and a +0 giant club (severely wounded, will become a shock serpent, a merfolk, or a skyshark, chance to affect: 31%)
Okay, then.
The two-headed ogre attacks as you move away!
The two-headed ogre hits you with a +0 giant spiked club!!
You die...

..## ...## ....#
....## .....# ###
.....## ##.#
......# ###..#
......# ##.O.##
......# ##.@###
>....÷#### ##..##
#........####..##
.............###
..#.........##
..######....#
.#### ##..##
....####..##
.......#..#


You could see a two-headed ogre.

Vanquished Creatures
  The ghost of Kenran the Grappler, a novice MiCK of Xom (D:6)
  Pikel (D:5)
  Grinder (D:6)
  The ghost of BRD the Chopper, an amateur DsGl (D:4)
  Sigmund (D:3)
  A wraith (D:7)
  A wyvern (D:7)
  2 water moccasins
  A black bear (D:5)
  5 ice beasts
  3 ogres (D:6)
  A centaur (D:7)
  3 wolves (D:7)
  2 kobold brigands
  3 lemures
  3 bullfrogs
  2 scorpions
  A wight (D:7)
  A howler monkey (D:6)
  A jelly (D:4)
  7 hounds
  An orc priest (D:5)
  Ijyb (D:3)
  Terence (D:3)
  An iguana (D:6)
  5 orc wizards
  Robin (D:3)
  7 gnolls
  11 adders
  A shadow imp (D:6)
  A white imp (D:7)
  2 ufetubi (D:7)
  4 dart slugs
  28 orcs
  3 ball pythons
  4 bats
  4 endoplasms
  6 giant cockroaches
  7 goblins
  8 hobgoblins
  A quokka (D:1)
  2 frilled lizards
  14 kobolds
  A rat (D:2)
156 creatures vanquished.

Vanquished Creatures (collateral kills)
  3 adders
  2 endoplasms (D:2)
  2 giant cockroaches
  A goblin (D:1)
  4 hobgoblins
  A quokka (D:2)
  A bat (D:2)
  A frilled lizard (D:1)
  A rat (D:1)
16 creatures vanquished.

Vanquished Creatures (others)
  9 plants (D:3)
9 creatures vanquished.

Grand Total: 181 creatures vanquished

Notes
Turn   | Place    | Note
-------+----------+-------------------------------------------
     0 | D:1      | Ignak the Ogre Hedge Wizard began the quest for the Orb.
     0 | D:1      | Reached XP level 1. HP: 16/16 MP: 5/5
    95 | D:1      | Reached skill level 1 in Conjurations
   174 | D:1      | Reached skill level 1 in Translocations
   249 | D:1      | Found a faded altar of an unknown god.
   265 | D:1      | Reached XP level 2. HP: 26/26 MP: 6/6
   278 | D:1      | Learned a level 2 spell: Blink
   281 | D:1      | Learned a level 2 spell: Call Imp
   422 | D:1      | Reached skill level 1 in Fighting
   905 | D:2      | Reached XP level 3. HP: 33/33 MP: 6/8
   909 | D:2      | Learned a level 3 spell: Mephitic Cloud
  1232 | D:2      | Reached XP level 4. HP: 37/42 MP: 6/9
  1813 | D:3      | Noticed Ijyb
  2057 | D:3      | Killed Ijyb
  2058 | D:3      | Reached skill level 4 in Spellcasting
  2188 | D:3      | Identified the +8 sling of Calamity {elec, rC+ Will+}
  2305 | D:3      | Noticed Terence
  2307 | D:3      | Killed Terence
  2308 | D:3      | Reached skill level 1 in Axes
  2308 | D:3      | Reached skill level 1 in Armour
  2308 | D:3      | Reached XP level 5. HP: 46/49 MP: 11/11
  2329 | D:3      | You fall into a shaft and drop 3 floors!
  2339 | D:5      | Entered Level 5 of the Dungeon
  2339 | D:5      | Noticed Pikel
  2339 | D:5      | Noticed a lemure
  2339 | D:5      | Noticed a lemure
  2339 | D:5      | Noticed a lemure
  2339 | D:5      | Noticed a lemure
  2347 | D:6      | Reached skill level 1 in Air Magic
  2419 | D:6      | Reached skill level 1 in Poison Magic
  2422 | D:6      | Reached XP level 6. HP: 51/59 MP: 12/12
  2425 | D:6      | Noticed Grinder
  2441 | D:6      | Killed Grinder
  2442 | D:6      | Reached XP level 7. HP: 65/67 MP: 13/13
  2482 | D:6      | Found a staircase to the Ecumenical Temple.
  2500 | Temple   | Entered the Ecumenical Temple
  2515 | Temple   | Became a worshipper of Warmaster Okawaru
  2873 | D:4      | Reached XP level 8. HP: 78/78 MP: 15/15
  3020 | D:3      | Noticed Robin
  3025 | D:3      | Killed Robin
  3278 | D:3      | Reached skill level 5 in Spellcasting
  3290 | D:3      | Reached * piety under Okawaru
  3513 | D:3      | Noticed Sigmund
  3517 | D:3      | Killed Sigmund
  3789 | D:4      | Found a runed translucent gate.
  3789 | D:4      | Found a runed translucent gate.
  3789 | D:4      | Found a runed translucent gate.
  3791 | D:4      | Noticed BRD's ghost (amateur DsGl)
  3823 | D:4      | Killed BRD's ghost
  4063 | D:4      | Found a broken altar of Ashenzari.
  4257 | D:5      | Reached skill level 1 in Invocations
  4499 | D:5      | Reached skill level 5 in Fighting
  5176 | D:5      | Killed Pikel
  5176 | D:5      | Reached ** piety under Okawaru
  5177 | D:5      | Reached skill level 6 in Spellcasting
  5177 | D:5      | Reached XP level 9. HP: 67/88 MP: 10/18
  5453 | D:6      | Found a runed translucent door.
  5457 | D:6      | Noticed Kenran's ghost (novice MiCK)
  6437 | D:6      | Killed Kenran's ghost
  6437 | D:6      | Reached *** piety under Okawaru
  6800 | D:7      | Reached XP level 10. HP: 64/100 MP: 20/20
  7136 | D:7      | Reached **** piety under Okawaru
  7361 | D:7      | Reached skill level 7 in Spellcasting
  7682 | D:7      | Reached skill level 5 in Dodging
  7843 | D:7      | Reached skill level 5 in Axes
  7843 | D:7      | Reached skill level 1 in Ranged Weapons
  8111 | D:8      | Noticed a two-headed ogre
  8227 | D:7      | Slain by a two-headed ogre

Illustrated notes

Levels and vault maps discovered:
D:1:      heliophobic_arrival_enchanted_forest, layout_basic,
          hellmonk_ecumenical_altar_run_dry, serial_rivers,
          chequers_serial_rivers_room_a, chequers_serial_rivers_micro_a,
          chequers_serial_rivers_small_3, chequers_serial_rivers_room_b,
          kennysheep_minor_cross
D:2:      layout_loops_ring
D:3:      layout_loops_ring, serial_forest, infiniplex_forest_end_1,
          infiniplex_forest_clump_cross, infiniplex_forest_end_2,
          infiniplex_forest_straight_2, infiniplex_forest_clump_tiny,
          infiniplex_forest_straight_3, infiniplex_forest_clump_medium,
          uniq_terence, uniq_ijyb, uniq_sigmund, uniq_robin
D:4:      layout_gridville, ashenzari_conservatory_becter,
          ebering_ghost_rock_garden, st_stairs_10
D:5:      layout_rooms, lemuel_flamethrower_1, uniq_pikel
D:6:      layout_cave_pools, minmay_temple_entry_glass, gammafunk_ghost_grave,
          kennysheep_generic_room_6, uniq_grinder
D:7:      layout_cave_pods, minmay_manual_moon
D:8:      layout_rooms, erik_lair_island
Temple:   grunt_wide_crystal_templ

Skill      XL: |  1  2  3  4  5  6  7  8  9 10 |
---------------+-------------------------------+-----
Conjurations   | 1 2 3 4 |  4.3
Translocations | 1 2 3 |  3.4
Fighting       | 1 2 3 5 6 |  6.9
Dodging        | 2 3 4 5 |  5.1
Spellcasting   | 4 6 7 |  7.1
Axes           | 1 2 4 5 |  5.1
Armour         | 1 2 3 4 |  4.0
Air Magic      | 1 2 3 |  3.4
Poison Magic   | 1 2 |  2.0
Invocations    | 2 3 4 |  4.1
Ranged Weapons | 1 |  1.2
Stealth        | |  1.4
Summonings     | |  0.8

Action                     |  1- 3 |  4- 6 |  7- 9 | 10-12 || total
---------------------------+-------+-------+-------+-------++-------
  Melee: Dagger            |    23 |       |       |       ||    23
         Punch             |     1 |     1 |       |       ||     2
         Hand axe          |    40 |    45 |    58 |    12 ||   155
         Unarmed           |       |     4 |       |       ||     4
   Fire: Sling             |       |    41 |   287 |    60 ||   388
  Throw: Dart              |     5 |     1 |       |       ||     6
         Large rock        |       |       |       |     1 ||     1
   Cast: Magic Dart        |     5 |       |       |       ||     5
         Call Imp          |    17 |     5 |       |       ||    22
         Mephitic Cloud    |       |     2 |    11 |     3 ||    16
         Blink             |       |       |    36 |     5 ||    41
  Evoke: Wand              |       |       |     2 |     2 ||     4
    Use: Scroll            |       |     6 |     4 |     2 ||    12
         Potion            |       |     2 |       |       ||     2
   Stab: Sleeping          |     1 |       |       |       ||     1
         Confused          |       |     3 |     2 |       ||     5
 Armour: Robe              |    27 |    23 |    47 |    15 ||   112
  Dodge: Dodged            |    51 |    27 |    91 |    27 ||   196

Table legend: (Time is in decaauts)
 A = Elapsed time spent in this place.
 B = Non-inter-level travel time spent in this place.
 C = Inter-level travel time spent in this place.
 D = Time resting spent in this place.
 E = Time spent auto-exploring this place.
 F = Levels seen in this place.
 G = Mean time per level.
                   A        B        C        D        E       F      G
               +--------+--------+--------+--------+--------+-----+--------+
         Total |   8413 |   8205 |    208 |   2014 |   3846 |   9 |  934.8 |
       Dungeon |   8389 |   8181 |    208 |   2014 |   3846 |   8 | 1048.6 |
        Temple |     24 |     24 |      0 |      0 |      0 |   1 |   24.0 |
               +--------+--------+--------+--------+--------+-----+--------+

Top non-repeatable levels by time:
     D:7: 1696 daAuts
     D:6: 1558 daAuts
     D:3: 1377 daAuts
     D:5: 1105 daAuts
     D:1: 922 daAuts
     D:4: 859 daAuts
     D:2: 854 daAuts
  Temple: 24 daAuts
     D:8: 14 daAuts
